EL
MIDLAND ROCKHOUNDS @ CORPUS CHRISTI HOOKS
08/08/2047
 
TOP OF THE 1ST
Midland RockHounds batting - Pitching for Corpus Christi Hooks : LHP Dzintars Balodis
Pitching: LHP Dzintars Balodis
Batting: SHB Robert Santiago 0-0: Ball
1-0: Ball
2-0: Foul Ball, location: 2F
2-1: Swinging Strike
2-2: Strikes out swinging
Batting: RHB Jonathan Gallup 0-0: Ball
1-0: Foul Ball, location: 2F
1-1: Foul Ball, location: 2F
1-2: Strikes out looking
Batting: LHB Gregg Power 0-0: Called Strike
0-1: Foul Ball, location: 2F
0-2: Ball
1-2: Foul Ball, location: 2F
1-2: Ball
2-2: Fly out, F8 (Flyball, 8LD, EV 91.9 MPH)
Top of the 1st over - 0 runs, 0 hits, 0 errors, 0 left on base; Midland 0 - Corpus Christi 0
BOTTOM OF THE 1ST
Corpus Christi Hooks batting - Pitching for Midland RockHounds : LHP John Salzmann
Pitching: LHP John Salzmann
Batting: RHB Edgar Trejo 0-0: Ball
1-0: Ball
2-0: Swinging Strike
2-1: Foul Ball, location: 2F
2-2: Strikes out swinging
Batting: RHB Masaru Konno 0-0: Ball
1-0: Swinging Strike
1-1: Ball
2-1: Foul Ball, location: 2F
2-2: SINGLE (Groundball, 56, EV 103.1 MPH) (infield hit)
Batting: RHB Bruce Bermudez 0-0: Ball
1-0: SINGLE (Groundball, 34D, EV 97.5 MPH)
Masaru Konno to second
Runner from 2nd tries for 3rd, SAFE, throw by RF made to third
Batting: RHB Nick Deegan 0-0: Ball
1-0: Ball
2-0: Grounds into double play, 4-6-3 (Groundball, 34, EV 92.5 MPH)
Bottom of the 1st over - 0 runs, 2 hits, 0 errors, 1 left on base; Midland 0 - Corpus Christi 0
TOP OF THE 2ND
Midland RockHounds batting - Pitching for Corpus Christi Hooks : LHP Dzintars Balodis
Batting: RHB Scott Wiggs 0-0: Fly out, F9 (Flyball, 9, EV 96.9 MPH)
Batting: LHB Tomas Segarra 0-0: Ball
1-0: Called Strike
1-1: Called Strike
1-2: Strikes out swinging
Batting: LHB Tom Raupp 0-0: Ball
1-0: Called Strike
1-1: Ball
2-1: Ball
3-1: Base on Balls
Batting: RHB Matt Sherard 0-0: Called Strike
0-1: Ball
1-1: Ball
2-1: Swinging Strike
2-2: Ball
3-2: Strikes out swinging
Top of the 2nd over - 0 runs, 0 hits, 0 errors, 1 left on base; Midland 0 - Corpus Christi 0
BOTTOM OF THE 2ND
Corpus Christi Hooks batting - Pitching for Midland RockHounds : LHP John Salzmann
Batting: RHB Workneh Lagat 0-0: Called Strike
0-1: SINGLE (Line Drive, 6M, EV 96.9 MPH)
Batting: LHB Josh Birkner 0-0: Swinging Strike
0-1: Ball
1-1: Foul Ball, location: 2F
1-2: Foul Ball, location: 2F
1-2: Grounds into double play, 6-4-3 (Groundball, 6, EV 103.1 MPH)
Batting: RHB Ryan Salas 0-0: Ball
1-0: Swinging Strike
1-1: Ball
2-1: Swinging Strike
2-2: Ball
3-2: Strikes out swinging
Bottom of the 2nd over - 0 runs, 1 hit, 0 errors, 0 left on base; Midland 0 - Corpus Christi 0
TOP OF THE 3RD
Midland RockHounds batting - Pitching for Corpus Christi Hooks : LHP Dzintars Balodis
Batting: RHB Todd Vanasco 0-0: Ball
1-0: Called Strike
1-1: Ball
2-1: Ball
3-1: Base on Balls
Batting: LHB Jose Mojica 0-0: Swinging Strike
0-1: SINGLE (Groundball, 4MD, EV 96.2 MPH)
Todd Vanasco to second
Batting: SHB Robert Santiago 0-0: Fly out, F9 (Flyball, 9D, EV 75.6 MPH)
Runner from 2nd tags up, SAFE at 3rd, no throw by RF
Batting: RHB Jonathan Gallup 0-0: Ball
1-0: Ball
Jose Mojica steals 2nd, throwing error, E2
Todd Vanasco scores
Jose Mojica to third
2-0: Called Strike
2-1: Ball
3-1: Base on Balls
Batting: LHB Gregg Power 0-0: DOUBLE (Line Drive, 78D, EV 105.6 MPH)
Jose Mojica scores
Jonathan Gallup to third
Batting: RHB Scott Wiggs 0-0: Ball
1-0: Ball
2-0: Ball
3-0: Called Strike
3-1: Foul Ball, location: 2F
3-2: Strikes out looking
Batting: LHB Tomas Segarra 0-0: Called Strike
0-1: Swinging Strike
0-2: Ball
1-2: Foul Ball, location: 2F
1-2: Foul Ball, location: 2F
1-2: Strikes out swinging
Top of the 3rd over - 2 runs, 2 hits, 1 error, 2 left on base; Midland 2 - Corpus Christi 0
BOTTOM OF THE 3RD
Corpus Christi Hooks batting - Pitching for Midland RockHounds : LHP John Salzmann
Batting: RHB Sean Mounts 0-0: Ball
1-0: Foul Ball, location: 2F
1-1: Foul Ball, location: 2F
1-2: Ball
2-2: Strikes out swinging
Batting: LHB Jackson Trottier 0-0: Ball
1-0: Called Strike
1-1: DOUBLE (Line Drive, 9LM, EV 108.8 MPH)
Batting: RHB Edgar Trejo 0-0: Ball
1-0: Ball
2-0: Ball
3-0: Base on Balls
Batting: RHB Masaru Konno 0-0: Called Strike
Jackson Trottier is caught stealing 3rd base 2-5
0-1: Ball
1-1: Swinging Strike
1-2: Fly out, F8 (Flyball, 8LM, EV 93.1 MPH)
Bottom of the 3rd over - 0 runs, 1 hit, 0 errors, 1 left on base; Midland 2 - Corpus Christi 0
TOP OF THE 4TH
Midland RockHounds batting - Pitching for Corpus Christi Hooks : LHP Dzintars Balodis
Batting: LHB Tom Raupp 0-0: Ball
1-0: Called Strike
1-1: Fly out, F7 (Flyball, 7S, EV 91.2 MPH)
Batting: RHB Matt Sherard 0-0: Ball
1-0: Called Strike
1-1: Fly out, F8 (Line Drive, 8RM, EV 95.0 MPH)
Batting: RHB Todd Vanasco 0-0: Foul Ball, location: 2F
0-1: Foul Ball, location: 2F
0-2: Strikes out swinging
Top of the 4th over - 0 runs, 0 hits, 0 errors, 0 left on base; Midland 2 - Corpus Christi 0
BOTTOM OF THE 4TH
Corpus Christi Hooks batting - Pitching for Midland RockHounds : LHP John Salzmann
Batting: RHB Bruce Bermudez 0-0: Ball
1-0: Ball
2-0: Called Strike
2-1: Ball
3-1: Base on Balls
Batting: RHB Nick Deegan 0-0: Swinging Strike
0-1: Fielders Choice at 2nd, 3-6 (Groundball, 3S, EV 91.2 MPH)
Batting: RHB Workneh Lagat 0-0: Ball
1-0: Foul Ball, location: 2F
1-1: Called Strike
1-2: Strikes out swinging
Batting: LHB Josh Birkner 0-0: Ball
1-0: SINGLE (Groundball, 34S, EV 65.6 MPH) (infield hit)
Nick Deegan to second
Batting: RHB Ryan Salas 0-0: Called Strike
0-1: SINGLE (Line Drive, 34, EV 100.0 MPH)
Nick Deegan to third
Josh Birkner to second
Runner from 3rd tries for Home, SAFE, throw by RF to home
Batting: RHB Sean Mounts 0-0: Ball
1-0: Foul Ball, location: 2F
1-1: Foul Ball, location: 2F
1-2: Foul Ball, location: 2F
1-2: Foul Ball, location: 2F
1-2: Strikes out swinging
Bottom of the 4th over - 1 run, 2 hits, 0 errors, 2 left on base; Midland 2 - Corpus Christi 1
TOP OF THE 5TH
Midland RockHounds batting - Pitching for Corpus Christi Hooks : LHP Dzintars Balodis
Batting: LHB Jose Mojica 0-0: Ball
1-0: Called Strike
1-1: Called Strike
1-2: Ball
2-2: Ground out 4-3 (Groundball, 4, EV 103.8 MPH)
Batting: SHB Robert Santiago 0-0: Foul Ball, location: 2F
0-1: SINGLE (Groundball, 34D, EV 98.1 MPH)
Batting: RHB Jonathan Gallup 0-0: Ball
1-0: Ball
Robert Santiago is caught stealing 2nd base 2-4
2-0: Ground out 6-3 (Groundball, 6, EV 86.9 MPH)
Top of the 5th over - 0 runs, 1 hit, 0 errors, 0 left on base; Midland 2 - Corpus Christi 1
BOTTOM OF THE 5TH
Corpus Christi Hooks batting - Pitching for Midland RockHounds : LHP John Salzmann
Batting: LHB Jackson Trottier 0-0: Swinging Strike
0-1: Ball
1-1: Swinging Strike
1-2: Strikes out swinging
Batting: RHB Edgar Trejo 0-0: Foul Ball, location: 2F
0-1: Foul Ball, location: 2F
0-2: Ball
1-2: Foul Ball, location: 2F
1-2: Foul Ball, location: 2F
1-2: DOUBLE (Line Drive, 9LD, EV 101.9 MPH)
Batting: RHB Masaru Konno 0-0: Ball
1-0: Foul Ball, location: 2F
1-1: Ball
Passed Ball!
Edgar Trejo to third
2-1: Foul Ball, location: 2F
2-2: Ball
3-2: Strikes out swinging, 2-3 out at first.
Batting: RHB Bruce Bermudez 0-0: Called Strike
0-1: Foul Ball, location: 2F
0-2: Foul Ball, location: 2F
0-2: Ball
1-2: 2-RUN HOME RUN (Flyball, 7D, EV 96.9 MPH), Distance : 374 ft
Batting: RHB Nick Deegan 0-0: Ball
1-0: Ball
2-0: Foul Ball, location: 2F
2-1: SINGLE (Groundball, 4M, EV 82.5 MPH) (infield hit)
Batting: RHB Workneh Lagat 0-0: Called Strike
0-1: Ball
1-1: Ball
2-1: Ball
3-1: Base on Balls
Nick Deegan to second
Batting: LHB Josh Birkner 0-0: Ball
1-0: Ball
2-0: Called Strike
2-1: Foul Ball, location: 2F
2-2: Foul Ball, location: 2F
2-2: Ball
3-2: Ground out 4-3 (Groundball, 4, EV 101.2 MPH)
Bottom of the 5th over - 2 runs, 3 hits, 0 errors, 2 left on base; Midland 2 - Corpus Christi 3
TOP OF THE 6TH
Midland RockHounds batting - Pitching for Corpus Christi Hooks : LHP Dzintars Balodis
Batting: LHB Gregg Power 0-0: Ball
1-0: Ball
2-0: Foul Ball, location: 2F
2-1: Ball
3-1: Base on Balls
Batting: RHB Scott Wiggs 0-0: Ball
1-0: Fly out, F9 (Line Drive, 89M, EV 88.8 MPH)
Batting: LHB Tomas Segarra 0-0: Ball
1-0: Fly out, F7 (Flyball, 7, EV 88.8 MPH)
Batting: LHB Tom Raupp 0-0: Ground out U3 (Groundball, 3, EV 100.0 MPH)
Top of the 6th over - 0 runs, 0 hits, 0 errors, 1 left on base; Midland 2 - Corpus Christi 3
BOTTOM OF THE 6TH
Corpus Christi Hooks batting - Pitching for Midland RockHounds : LHP John Salzmann
Pitching: RHP Tony Contreras
Batting: RHB Ryan Salas 0-0: Ball
1-0: Called Strike
1-1: Foul Ball, location: 2F
1-2: Ball
2-2: Ball
3-2: SINGLE (Line Drive, 9LM, EV 105.6 MPH)
Batting: RHB Sean Mounts 0-0: Ball
1-0: Foul Ball, location: 2F
1-1: Ball
2-1: Ball
3-1: SINGLE (Flyball, 3D, EV 92.5 MPH)
Ryan Salas to second
Batting: LHB Jackson Trottier 0-0: Fielders Choice at 2nd, 3-6 (Groundball, 3, EV 83.8 MPH)
Ryan Salas to third
Batting: RHB Edgar Trejo 0-0: Swinging Strike
0-1: Ball
1-1: DOUBLE (Groundball, 5L, EV 106.9 MPH)
Ryan Salas scores
Jackson Trottier to third
Batting: RHB Masaru Konno 0-0: Ball
1-0: Fly out, F4 (Popup, 34S, EV 73.8 MPH)
Batting: RHB Bruce Bermudez 0-0: Ball
1-0: Swinging Strike
1-1: Foul Ball, location: 2F
1-2: Ball
2-2: Strikes out swinging
Bottom of the 6th over - 1 run, 3 hits, 0 errors, 2 left on base; Midland 2 - Corpus Christi 4
TOP OF THE 7TH
Midland RockHounds batting - Pitching for Corpus Christi Hooks : LHP Dzintars Balodis
Pitching: RHP Calisto Morda
Batting: RHB Matt Sherard 0-0: Ball
1-0: Ball
2-0: Ball
3-0: Called Strike
3-1: Base on Balls
Batting: RHB Todd Vanasco 0-0: Called Strike
0-1: Ball
Matt Sherard is caught stealing 2nd base 2-4
1-1: SOLO HOME RUN (Flyball, 78XD, EV 106.2 MPH), Distance : 388 ft
Batting: LHB Jose Mojica 0-0: Called Strike
0-1: Swinging Strike
0-2: Ground out 6-3 (Groundball, 6, EV 110.0 MPH)
Batting: SHB Robert Santiago 0-0: Ball
1-0: Called Strike
1-1: Ball
2-1: Foul Ball, location: 2F
2-2: Strikes out swinging
Top of the 7th over - 1 run, 1 hit, 0 errors, 0 left on base; Midland 3 - Corpus Christi 4
BOTTOM OF THE 7TH
Corpus Christi Hooks batting - Pitching for Midland RockHounds : RHP Tony Contreras
Batting: RHB Nick Deegan 0-0: Called Strike
0-1: Fly out, F6 (Popup, 15, EV 87.5 MPH)
Batting: RHB Workneh Lagat 0-0: Ball
1-0: Swinging Strike
1-1: Ball
2-1: Ball
3-1: Called Strike
3-2: Foul Ball, location: 2F
3-2: SINGLE (Line Drive, 5D, EV 105.0 MPH)
Batting: LHB Josh Birkner 0-0: Called Strike
Balk!
Workneh Lagat to second
0-1: Ball
1-1: Intentional Walk
Batting: RHB Ryan Salas 0-0: Ball
1-0: Ball
2-0: Swinging Strike
2-1: DOUBLE (Line Drive, 89D, EV 113.1 MPH)
Workneh Lagat scores
Josh Birkner to third
Batting: RHB Sean Mounts 0-0: Ground out 6-3 (Groundball, 6, EV 91.2 MPH)
Josh Birkner scores
Pitching: LHP Bobby Storey
Batting: LHB Jackson Trottier 0-0: Ball
1-0: Ball
2-0: SINGLE (Groundball, 6MD, EV 95.0 MPH)
Ryan Salas to third
Runner from 3rd tries for Home, SAFE, throw by CF to home
Batting: RHB Edgar Trejo 0-0: Ball
1-0: SINGLE (Groundball, 34D, EV 105.0 MPH)
Jackson Trottier to second
Runner from 2nd tries for 3rd, SAFE, throw by RF made to third
Batting: RHB Masaru Konno 0-0: Foul Ball, location: 2F
0-1: Ball
1-1: Ball
2-1: Called Strike
2-2: Foul Ball, location: 2F
2-2: Strikes out swinging
Bottom of the 7th over - 3 runs, 4 hits, 0 errors, 2 left on base; Midland 3 - Corpus Christi 7
TOP OF THE 8TH
Midland RockHounds batting - Pitching for Corpus Christi Hooks : RHP Calisto Morda
Pitching: RHP Tim Watson
Batting: RHB Jonathan Gallup 0-0: Called Strike
0-1: Foul Ball, location: 2F
0-2: Ball
1-2: Ball
2-2: Foul Ball, location: 2F
2-2: Ground out 6-3 (Groundball, 6, EV 98.1 MPH)
Batting: LHB Gregg Power 0-0: Ground out 4-3 (Groundball, 4, EV 93.1 MPH)
Batting: RHB Scott Wiggs 0-0: Ball
1-0: Called Strike
1-1: Ball
2-1: Swinging Strike
2-2: Strikes out swinging
Top of the 8th over - 0 runs, 0 hits, 0 errors, 0 left on base; Midland 3 - Corpus Christi 7
BOTTOM OF THE 8TH
Corpus Christi Hooks batting - Pitching for Midland RockHounds : LHP Bobby Storey
Pitching: RHP John McAuley
Batting: RHB Bruce Bermudez 0-0: Fly out, F9 (Line Drive, 89M, EV 102.5 MPH)
Batting: RHB Nick Deegan 0-0: Ball
1-0: Ball
2-0: Ball
3-0: Foul Ball, location: 2F
3-1: SINGLE (Line Drive, 34, EV 96.2 MPH)
Batting: RHB Workneh Lagat 0-0: Grounds into double play, 6-4-3 (Groundball, 6, EV 82.5 MPH)
Bottom of the 8th over - 0 runs, 1 hit, 0 errors, 0 left on base; Midland 3 - Corpus Christi 7
TOP OF THE 9TH
Midland RockHounds batting - Pitching for Corpus Christi Hooks : RHP Tim Watson
Pitching: LHP Chad Dominey
Batting: LHB Tomas Segarra 0-0: Ball
1-0: Foul Ball, location: 2F
1-1: Ball
2-1: Foul Ball, location: 2F
2-2: Strikes out swinging
Batting: LHB Tom Raupp 0-0: Called Strike
0-1: Swinging Strike
0-2: Ball
1-2: Ball
2-2: Strikes out swinging
Batting: RHB Matt Sherard 0-0: Foul Ball, location: 2F
0-1: Foul Ball, location: 2F
0-2: Ball
1-2: Foul Ball, location: 2F
1-2: Ball
2-2: Strikes out looking
Top of the 9th over - 0 runs, 0 hits, 0 errors, 0 left on base; Midland 3 - Corpus Christi 7
Thursday, December 15th , 2022 - OOTP Baseball 23.9 Build 102